 Dungeon Crawl Stone Soup version 0.31.0-32-g396128a36d (webtiles) character file.

Game seed: 345430941328202811

91 spaghetti the Covered (level 4, -4/42 HPs)
             Began as a Naga Berserker on Mar 25, 2024.
             Was a Follower of Trog.
             Slain by a gnoll
             ... wielding a +0 spear
              (7 damage)
             ... on level 3 of the Dungeon.
             The game lasted 00:01:55 (2235 turns).

spaghetti the Covered (Naga Berserker)              Turns: 2235, Time: 00:01:55

Health: -4/42      AC:  2    Str: 20    XL:     4   Next: 57%
Magic:  4/4        EV: 10    Int:  7    God:    Trog [*.....]
Gold:   55         SH:  0    Dex: 18    Spells: 3/3 levels left

rFire   . . .        i - +0 long sword
rCold   . . .        (no shield)
rNeg    . . .        b - +0 animal skin
rPois   +            (no helmet)
rElec   .            (no cloak)
rCorr   .            (no gloves)
SInv    +            (no barding)
Will    .....        (no amulet)
Stlth   ++           e - +6 ring of dexterity
HPRegen 0.27/turn    (no ring)
MPRegen 0.09/turn

%: no passive effects
@: very slow
A: AC +1, large, see invisible, deformed body, poison resistance, slowness 2,
spit poison 1, naga tail 1
a: Spit Poison, Renounce Religion, Berserk


You were on level 3 of the Dungeon.
You worshipped Trog.
Trog was aware of your devotion.
You visited 1 branch of the dungeon, and saw 3 of its levels.

You collected 55 gold pieces.

Inventory:

Hand Weapons
 i - a +0 long sword (weapon)
Armour
 b - a +0 animal skin (worn)
Jewellery
 e - a +6 ring of dexterity (left hand)
Scrolls
 d - a scroll of identify
 g - a scroll of vulnerability
 h - a scroll of fear {unknown}
 j - a scroll of enchant weapon {unknown}
 m - a scroll of blinking {unknown}
Potions
 a - a potion of cancellation {unknown}
 f - a potion of haste {unknown}
 k - a potion of enlightenment {unknown}
 l - a potion of curing {unknown}
 n - a potion of brilliance {unknown}


   Skills:
 - Level 3.0 Fighting
 - Level 3.0 Long Blades
 * Level 3.2 Armour
 + Level 2.5 Dodging


You had 3 spell levels left.
You didn't know any spells.
Your spell library was empty.

Dungeon Overview and Level Annotations

Branches:
Dungeon (3/15)

Altars:
Nemelex Xobeh
Yredelemnul

Shops:
D:3 :


Innate Abilities, Weirdness & Mutations

Your serpentine skin is tough. (AC +1)
You have supernaturally acute eyesight. (SInv)
Armour fits poorly on your strangely shaped body.
Your system is resistant to poisons. (rPois)
You cover ground very slowly.
You can spit poison.
You have a snake-like lower body.


Message History

You hit the gnoll.
The gnoll is moderately wounded.
The gnoll barely misses you.
A gnoll comes into view. It is wielding a +0 halberd.
The gnoll shouts!
You hit the gnoll but do no damage.
The gnoll is moderately wounded.
The gnoll hits you with a +0 spear. x2
You hit the gnoll but do no damage.
The gnoll is moderately wounded.
The gnoll barely misses you.
You slash the gnoll!
The gnoll is severely wounded.
The gnoll hits you with a +0 spear. The gnoll closely misses you.
The gnoll hits you from afar with a +0 halberd!
You are too injured to fight recklessly!
You are too injured to fight recklessly!
You are too injured to fight recklessly!
You are too injured to fight recklessly!
You are too injured to fight recklessly!
You are too injured to fight recklessly!
You are too injured to fight recklessly!
You are too injured to fight recklessly!
You are too injured to fight recklessly!
You are too injured to fight recklessly!
You are too injured to fight recklessly!
You are too injured to fight recklessly!
You are too injured to fight recklessly!
You are too injured to fight recklessly!
You are too injured to fight recklessly!
You are too injured to fight recklessly!
Okay, then.
The air fills with toxic fumes!
As you read the scroll of poison, it crumbles to dust.
The gnoll closely misses you.
The gnoll hits you from afar with a +0 halberd!
The gnoll hits you with a +0 flail!
* * * LOW HITPOINT WARNING * * *
The gnoll hits you with a +0 spear!
You die...

# ##..##.#
####..###.####
.....##
#..§§####
######
#..##§§.§##
#......§§#§§#
#...####.§§#§#
#..##
§§###§§§# #.#
§§§§##§§# #..
#§§§§§@# #.
##§§§gg#
#§§§.§#
#§§§§§g#
§§§§##§g# §§##
§§§# ## §§#§#
§§#§# ##§#§#


You could see 4 gnolls.

Vanquished Creatures
  An orc wizard (D:3)
  An adder (D:2)
  4 dart slugs (D:2)
  3 orcs (D:3)
  3 endoplasms (D:1)
  A giant cockroach (D:1)
  3 goblins (D:2)
  A hobgoblin (D:2)
  7 jackals
  4 quokkas
  4 ball pythons (D:2)
  4 bats
  A frilled lizard (D:1)
  3 kobolds (D:2)
  5 rats (D:2)
45 creatures vanquished.

Notes
Turn   | Place    | Note
-------+----------+-------------------------------------------
     0 | D:1      | spaghetti the Naga Berserker began the quest for the Orb.
     0 | D:1      | Reached XP level 1. HP: 21/21 MP: 1/1
   472 | D:1      | Reached XP level 2. HP: 28/28 MP: 2/2
  1191 | D:2      | Reached XP level 3. HP: 34/34 MP: 3/3
  1624 | D:2      | Reached XP level 4. HP: 38/42 MP: 4/4
  1818 | D:3      | Found Piaboas's Book Shop.
  1983 | D:3      | Found a sparkling altar of Nemelex Xobeh.
  1984 | D:3      | Found a basalt altar of Yredelemnul.
  2143 | D:3      | Found a faded altar of an unknown god.
  2235 | D:3      | Slain by a gnoll

Illustrated notes

Levels and vault maps discovered:
D:1:      wander_arrival_desolate, layout_loops_corners, hangedman_glass_teeth
D:2:      layout_basic
D:3:      layout_basic, lemuel_tele_altar, nicolae_overflow_hidden_temple,
          serial_shops, shop_statue, chequers_ecumenical_altar_grove,
          minmay_misc_feat_iff

Skill      XL: |  1  2  3  4 |
---------------+-------------+-----
Armour         | 2 3 |  3.2
Dodging        | 2 |  2.5
Fighting       | |  3.0
Long Blades    | |  3.0

Action                     |  1- 3 |  4- 6 || total
---------------------------+-------+-------++-------
  Melee: Falchion          |    28 |       ||    28
         Long sword        |    57 |    27 ||    84
         Punch             |     1 |       ||     1
 Invoke: Berserk           |     5 |     1 ||     6
Ability: Spit Poison       |     1 |       ||     1
    Use: Scroll            |     2 |     1 ||     3
 Armour: Animal skin       |    72 |    25 ||    97
  Dodge: Dodged            |    58 |    20 ||    78
